AoeStats
← EL LEON

Nomad

508476871Analyzed
2v2 RM · 10d ago on Sep 22, 2026· 18m 33s· 4 players
Game mode
Random Map
Map size
176×176
Population
200
Speed
Normal
Resources
Standard
Victory
Conquest
Starting age
Dark Age
Ending age
Imperial Age
RankedLock teamsTeams togetherTeam positionsShared explorationLock speedFull tech treeHidden civsTurbo modeCheats
Victory
Defeat
🇻🇳 Mongols · Vietnam
1361
+13
🇦🇷 Celts · Argentina
1064
+24
🇨🇴 Bulgarians · Colombia
1290
-19
🇬🇧 Japanese · United Kingdom
1264
-18
Hate
4:06 Loom
14:59 Feudal Age
ofespinelman
5:20 Loom
14:09 Feudal Age
17:34 Forging
18:04 Wheelbarrow
Cuong Boss
6:16 Loom
12:52 Feudal Age
17:03 Castle Age
18:54 Fletching
EL LEON
4:08 Loom
4:54 Loom
14:18 Feudal Age
15:50 Double-Bit Axe
19:03 Castle Age
17:19 Fishing Lines
Connection lost

Rejoining the realm…

Still unreachable

The connection could not be restored.

Session expired

The server has moved on; the page needs a fresh start.